Map: Pillars of Gold LE

Players

Nice

  • Race: Protoss Protoss
  • Spawn Location: 7:00

Armani - Winner!

  • Race: Zerg Zerg
  • Spawn Location: 1:00

Event: IEM Katowice 2021

VOD

Have the link to the VOD?

Description

Time

  • Played on: Feb. 20, 2021, 1:34 p.m.
  • Length: 16:46

All games in this series

Show
View Real Time Build Order
Export as new Build Order

Nice Protoss 

Build Orders: 1 Gate Expand, Oracle Opening 

Get SALT Encoding   

  12  0:00  Probe  
  13  0:12  Probe  
  14  0:19  Pylon  
  14  0:24  Probe  
  15  0:37  Probe (Chrono Boost)  
  15  0:39  Gateway  
  16  0:48  Assimilator  
  16  0:49  Probe (Chrono Boost)  
  17  0:54  Probe (Chrono Boost)  
  18  1:04  Probe  
  19  1:16  Probe  
  20  1:26  Cybernetics Core  
  20  1:38  Nexus  
  20  1:45  Pylon  
  20  1:47  Assimilator  
  20  1:51  Probe  
  21  2:00  Adept (Chrono Boost)  
  21  2:03  Probe  
  24  2:15  Probe  
  25  2:20  Adept (Chrono Boost)  
  25  2:26  Stargate  
  25  2:27  Probe  
  28  2:35  Warp Gate  
  28  2:39  Probe  
  28  2:42  Adept  
  31  2:51  Probe x2  
  33  3:03  Probe x2  
  35  3:08  Oracle (Chrono Boost)  
  38  3:15  Probe x2  
  40  3:21  Pylon  
  40  3:27  Probe  
  40  3:28  Probe  
  40  3:31  Gateway  
  42  3:35  Oracle (Chrono Boost)  
  42  3:40  Probe  
  46  3:42  Probe  
  47  3:49  Gateway  
  47  3:52  Probe  
  47  3:54  Probe  
  51  4:04  Probe  
  51  4:09  Probe  
  53  4:14  Assimilator  
  53  4:16  Pylon, Assimilator  
  54  4:19  Shield Battery  
  54  4:23  Pylon, Oracle (Chrono Boost)  
  54  4:34  Probe x2  
  54  4:36  Pylon  
  54  4:38  Adept x2  
  60  4:44  Stalker  
  62  4:46  Probe x2  
  64  4:58  Probe x2  
  64  4:59  Phoenix (Chrono Boost)  
  66  5:02  Stargate  
  68  5:09  Adept  
  68  5:10  Adept x2  
  68  5:12  Pylon  
  74  5:21  Phoenix (Chrono Boost)  
  76  5:29  Pylon  
  76  5:32  Pylon  
  76  5:33  Adept x2  
  76  5:34  Adept  
  82  5:40  Phoenix (Chrono Boost)  
  84  5:51  Pylon  
  84  6:00  Phoenix (Chrono Boost)  
  88  6:04  Robotics Facility  
  88  6:10  Phoenix (Chrono Boost)  
  88  6:17  Pylon  
  88  6:23  Gateway  
  90  6:27  Phoenix (Chrono Boost)  
  90  6:28  Phoenix (Chrono Boost)  
  91  6:40  Phoenix  
  91  6:46  Phoenix  
  95  6:52  Immortal (Chrono Boost)  
  96  7:05  Probe x2, Phoenix  
  100  7:09  Robotics Bay  
  100  7:20  Zealot, Pylon  
  102  7:23  Pylon, Probe  
  102  7:24  Probe  
  102  7:25  Pylon  
  104  7:31  Protoss Air Weapons Level 1  
  104  7:35  Observer, Probe  
  106  7:38  Nexus  
  106  7:40  Robotics Bay  
  106  7:44  Probe  
  106  7:50  Probe  
  106  7:51  Shield Battery  
  108  7:53  Shield Battery  
  108  7:54  Immortal (Chrono Boost)  
  108  7:56  Probe  
  113  8:05  Pylon, Robotics Facility  
  113  8:07  Forge  
  113  8:10  Probe  
  113  8:12  Assimilator  
  115  8:14  Probe  
  115  8:15  Assimilator  
  115  8:22  Probe  
  115  8:25  Disruptor (Chrono Boost)  
  115  8:26  Probe  
  120  8:29  Stalker  
  120  8:34  Probe  
  123  8:38  Probe  
  124  8:43  Pylon  
  124  8:45  Photon Cannon  
  124  8:47  Probe  
  125  8:50  Disruptor (Chrono Boost)  
  125  8:55  Void Ray (Chrono Boost)  
  132  8:58  Void Ray (Chrono Boost)  
  136  9:15  Photon Cannon  
  136  9:16  Pylon  
  136  9:17  Shield Battery  
  136  9:23  Void Ray (Chrono Boost)  
  136  9:27  Shield Battery  
  136  9:31  Void Ray (Chrono Boost)  
  144  9:36  Stargate  
  144  9:37  Photon Cannon  
  142  9:53  Void Ray (Chrono Boost)  
  142  9:59  Fleet Beacon  
  144  10:04  Void Ray (Chrono Boost)  
  146  10:21  Nexus  
  146  10:24  Void Ray (Chrono Boost)  
  146  10:25  Pylon  
  146  10:29  Void Ray (Chrono Boost)  
  150  10:50  Stalker x2  
  150  10:55  Void Ray (Chrono Boost)  
  154  11:01  Flux Vanes  
  158  11:11  Void Ray (Chrono Boost)  
  158  11:16  Disruptor  
  161  11:21  Pylon  
  161  11:22  Photon Cannon  
  161  11:24  Photon Cannon  
  161  11:25  Photon Cannon  
  161  11:26  Pylon  
  161  11:27  Probe x2  
  161  11:30  Void Ray  
  163  11:33  Pylon  
  163  11:35  Nexus  
  163  11:38  Pylon  
  167  11:41  Assimilator  
  167  11:42  Probe  
  167  11:43  Probe x2  
  167  11:46  Assimilator  
  167  11:47  Protoss Air Weapons Level 2 (Chrono Boost), Twilight Council  
  168  11:50  Gateway  
  168  11:51  Pylon  
  168  11:54  Shield Battery x2, Probe  
  164  11:55  Probe x2  
  171  12:07  Probe x3  
  174  12:20  Gateway  
  174  12:21  Gateway  
  174  12:23  Probe x3  
  174  12:24  Pylon  
  174  12:25  Tempest (Chrono Boost)  
  183  12:33  Protoss Shields Level 1  
  183  12:35  Probe, Tempest (Chrono Boost)  
  182  12:37  Charge (Chrono Boost)  
  182  12:43  Templar Archives  
  176  12:49  Stargate  
  176  12:52  Photon Cannon  
  176  12:56  Shield Battery  
  176  12:58  Photon Cannon  
  176  13:02  Void Ray  
  176  13:04  Photon Cannon  
  176  13:07  Zealot  
  151  13:24  Pylon  
  151  13:26  Stalker  
  151  13:27  Stalker x2  
  143  13:29  Tempest  
  139  13:35  Probe, Psionic Storm  
  139  13:36  Probe x3  
  143  13:45  Tempest  
  150  13:52  Pylon, High Templar x2  
  150  13:54  High Templar x3  
  158  13:56  Probe (Chrono Boost)  
  158  13:59  Probe (Chrono Boost)  
  158  14:00  Probe (Chrono Boost)  
  162  14:03  Void Ray  
  162  14:07  Probe (Chrono Boost)  
  162  14:08  Probe (Chrono Boost)  
  167  14:13  Probe (Chrono Boost)  
  167  14:15  Probe (Chrono Boost)  
  169  14:20  Tempest  
  169  14:22  Probe x2  
  176  14:25  Probe x2  
  176  14:30  Shield Battery, High Templar  
  180  14:31  High Templar  
  180  14:32  Void Ray  
  180  14:36  Archon  
  184  14:46  Photon Cannon  
  184  14:47  High Templar x2  
  184  14:48  Pylon  
  184  14:51  Zealot  
  163  15:05  Void Ray  
  163  15:06  Zealot x2  
  123  15:14  Probe x3  
  123  15:15  Probe  
  123  15:18  Zealot  
  113  15:34  High Templar x2  
  113  15:35  Probe, High Templar  
  116  15:36  Probe  
  116  15:39  Probe  
  116  15:42  Probe  
  120  15:49  High Templar  
  123  15:50  Void Ray (Chrono Boost), Probe x2  
  123  15:51  Probe  
  123  15:54  Assimilator  
  133  16:11  Shield Battery  
  135  16:26  Zealot x3  
Show
View Real Time Build Order
Export as new Build Order

Armani Zerg - Winner!

Build Orders: Hatch First 

Get SALT Encoding   

  12  0:00  Drone  
  13  0:13  Overlord  
  13  0:17  Drone  
  14  0:31  Drone x2  
  16  0:50  Hatchery  
  16  0:54  Drone  
  16  0:57  Drone  
  16  1:00  Drone  
  18  1:10  Extractor  
  17  1:17  Spawning Pool  
  16  1:20  Drone  
  16  1:23  Drone  
  18  1:28  Drone  
  19  1:41  Drone  
  20  1:55  Drone  
  20  1:56  Hatchery  
  20  2:03  Drone  
  20  2:08  Queen  
  21  2:12  Drone  
  24  2:21  Queen  
  26  2:24  Zergling x2  
  26  2:28  Overlord  
  27  2:33  Metabolic Boost  
  27  2:36  Zergling x2  
  28  2:47  Zergling x6  
  28  2:48  Zergling x2  
  32  2:51  Drone  
  32  2:56  Queen  
  35  3:02  Overlord  
  35  3:04  Drone  
  36  3:10  Drone  
  36  3:15  Drone x2  
  36  3:18  Queen  
  40  3:21  Drone  
  40  3:23  Drone  
  42  3:28  Spore Crawler  
  42  3:32  Spore Crawler  
  40  3:35  Drone  
  40  3:36  Drone  
  40  3:40  Drone x2  
  44  3:44  Drone x2  
  44  3:48  Drone x2  
  48  3:52  Overlord  
  48  4:05  Overlord  
  48  4:09  Queen  
  48  4:10  Overlord  
  48  4:11  Drone x4  
  48  4:14  Drone  
  55  4:17  Drone  
  55  4:18  Drone  
  57  4:25  Drone x2  
  57  4:28  Drone x2, Roach Warren  
  60  4:32  Spore Crawler  
  60  4:37  Zergling x8  
  63  4:43  Drone  
  64  4:46  Drone x3, Spore Crawler  
  64  4:51  Extractor x2  
  64  4:54  Lair  
  64  5:01  Overlord  
  64  5:05  Drone  
  64  5:06  Overlord x2  
  65  5:09  Overlord  
  65  5:11  Overlord  
  65  5:15  Evolution Chamber  
  60  5:21  Roach x5  
  60  5:25  Zergling x6  
  71  5:29  Roach x2  
  75  5:36  Roach x3  
  81  5:43  Zergling x10  
  81  5:48  Drone  
  81  5:49  Drone  
  88  5:53  Overseer  
  88  5:55  Drone x3  
  90  5:58  Glial Reconstitution  
  90  6:03  Drone  
  90  6:06  Zerg Missile Weapons Level 1  
  90  6:14  Overlord  
  90  6:21  Drone x6  
  90  6:23  Overlord  
  90  6:25  Roach x4  
  104  6:31  Queen x2  
  108  6:38  Drone  
  108  6:39  Overlord  
  109  6:40  Extractor x2  
  109  6:43  Spore Crawler  
  109  6:46  Spore Crawler  
  105  6:47  Spore Crawler  
  105  6:48  Spore Crawler  
  105  6:50  Extractor, Drone x4  
  105  6:53  Drone  
  105  6:54  Drone  
  108  7:03  Drone x3  
  108  7:04  Spire  
  108  7:06  Drone x2  
  112  7:08  Drone  
  113  7:16  Overlord  
  113  7:17  Overlord  
  113  7:18  Drone  
  113  7:19  Overlord  
  113  7:20  Overlord  
  113  7:21  Overlord  
  114  7:26  Roach  
  114  7:27  Overlord  
  114  7:28  Overlord  
  114  7:30  Overlord  
  114  7:38  Drone x6  
  114  7:40  Overseer  
  114  7:41  Overlord  
  114  7:42  Ravager  
  121  7:44  Drone x2  
  121  7:48  Drone x2  
  121  7:50  Drone  
  125  7:52  Roach  
  125  7:56  Overlord  
  122  8:07  Ravager  
  122  8:08  Overlord  
  121  8:14  Overlord  
  121  8:19  Zerg Flyer Armor Level 1  
  118  8:21  Corruptor x7  
  118  8:27  Corruptor  
  128  8:34  Zerg Melee Weapons Level 1  
  128  8:38  Hatchery  
  128  8:39  Drone x3  
  130  8:45  Corruptor x2  
  134  8:55  Drone x2  
  136  9:00  Overseer  
  136  9:02  Corruptor x2  
  140  9:10  Baneling Nest  
  140  9:12  Drone  
  140  9:14  Drone x7  
  147  9:20  Corruptor x2  
  147  9:22  Drone x6  
  156  9:28  Infestation Pit  
  155  9:38  Zergling x4  
  155  9:39  Zergling x8  
  155  9:41  Extractor  
  155  9:43  Extractor, Drone x4  
  161  9:55  Corruptor x3  
  161  9:56  Overlord  
  167  10:07  Hive, Pneumatized Carapace  
  167  10:16  Hatchery, Ravager  
  167  10:17  Ravager x2  
  167  10:18  Zergling x4  
  167  10:19  Zergling x20  
  181  10:24  Centrifical Hooks  
  180  10:30  Zergling x18  
  189  10:39  Evolution Chamber, Zerg Melee Weapons Level 2  
  188  10:47  Corruptor  
  188  10:48  Corruptor x2  
  189  11:01  Queen x3  
  188  11:07  Zerg Ground Armor Level 1  
  186  11:11  Zergling x2  
  186  11:12  Zergling x8  
  186  11:13  Overlord x3  
  186  11:16  Overlord  
  191  11:19  Overlord  
  191  11:20  Adrenal Glands  
  191  11:21  Overlord  
  191  11:23  Overlord  
  191  11:36  Viper x3  
  200  11:43  Baneling x5  
  200  11:51  Greater Spire  
  200  12:04  Baneling x15  
  200  12:06  Baneling x2  
  200  12:17  Extractor  
  200  12:18  Baneling x8  
  198  12:46  Baneling x2  
  198  12:48  Baneling x2  
  198  12:49  Baneling x7  
  198  12:56  Zerg Melee Weapons Level 3, Ultralisk Cavern  
  196  13:06  Zerg Flyer Weapons Level 1  
  156  13:20  Corruptor x5  
  156  13:22  Zergling x42  
  186  13:32  Corruptor x2  
  187  13:36  Drone x3  
  187  13:37  Drone x7  
  187  13:38  Drone  
  187  13:40  Corruptor x2, Extractor  
  199  13:45  Zergling x2  
  200  13:51  Chitinous Plating  
  200  13:55  Baneling x8  
  200  13:59  Overlord  
  200  14:01  Overlord  
  200  14:03  Baneling x7  
  200  14:05  Hatchery  
  200  14:09  Hatchery  
  198  14:13  Spine Crawler  
  198  14:15  Zergling x8, Spine Crawler x2  
  198  14:16  Zerg Ground Armor Level 2  
  199  14:27  Spire  
  198  14:35  Zergling x2  
  198  14:36  Zergling x2  
  199  14:46  Baneling  
  175  15:14  Ultralisk x5  
  157  15:24  Corruptor  
  157  15:25  Corruptor x3  
  157  15:27  Zergling x60  
  157  15:28  Zergling x28  
  200  15:29  Zergling x2  
  198  15:47  Overseer x2  
  198  15:49  Baneling x5  
  198  15:50  Baneling  
  198  16:05  Zergling x4  
  198  16:11  Baneling x21  

Tags
 
Add a new tag
Caveats
  • Supply blocks, unpowered buildings, or Contaminate may cause inaccurate times.
  • Supply counts are checked every 10 seconds.